 Dungeon Crawl Stone Soup version 0.30.0-29-ga12c61a403 (webtiles) character file.

Game seed: 4062729520546867852

403 safid the Chiller (level 6, -7/48 HPs)
             Began as a Merfolk Ice Elementalist on June 14, 2023.
             Mangled by Pikel
             ... wielding a +2 whip of electrocution
              (10 damage)
             ... on level 5 of the Dungeon.
             The game lasted 00:07:41 (3996 turns).

safid the Chiller (Merfolk Ice Elementalist)        Turns: 3996, Time: 00:07:41

Health: -7/48      AC: 10    Str:  8    XL:     6   Next: 86%
Magic:  6/12       EV: 12    Int: 16    God:
Gold:   284        SH:  0    Dex: 15    Spells: 6/13 levels left

rFire   . . .        m - +1 short sword (venom)
rCold   . . .        (no shield)
rNeg    . . .        a - +0 robe
rPois   .            (no helmet)
rElec   .            (no cloak)
rCorr   .            e - +0 pair of gloves
SInv    .            h - +0 pair of boots
Will    .....        (no amulet)
Stlth   ++           k - ring of wizardry
HPRegen 0.28/turn    (no ring)
MPRegen 0.13/turn

%: wizardry (x1)
@: ice-armoured
A: (nimble swimmer 2), mertail
a: no special abilities


You were on level 5 of the Dungeon.
You visited 1 branch of the dungeon, and saw 5 of its levels.
You also visited: Ossuary.

You collected 388 gold pieces.
You spent 104 gold pieces at shops.

Inventory:

Hand Weapons
 m - a +1 short sword of venom (weapon)
Missiles
 q - 2 throwing nets
Armour
 a - a +0 robe (worn)
 e - a +0 pair of gloves (worn)
 h - a +0 pair of boots (worn)
Jewellery
 k - a ring of wizardry (left hand)
Wands
 y - a wand of iceblast (5)
Scrolls
 b - a scroll of enchant armour {unknown}
 c - 3 scrolls of teleportation {unknown}
 d - a scroll of brand weapon {unknown}
 i - 10 scrolls of identify
 o - 2 scrolls of acquirement {unknown}
 s - a scroll of amnesia {unknown}
 t - a scroll of blinking
 w - 4 scrolls of poison {unknown}
 x - a scroll of silence {unknown}
Potions
 f - 3 potions of degeneration {unknown}
 g - 2 potions of heal wounds {unknown}
 j - a potion of mutation {unknown}
 l - 3 potions of might {unknown}
 n - a potion of attraction {unknown}
 p - a potion of cancellation {unknown}
 r - a potion of invisibility {unknown}
 u - 2 potions of brilliance {unknown}
 v - 2 potions of curing


   Skills:
 + Level 3.9 Fighting
 - Level 2.6 Dodging
 - Level 2.1 Stealth
 + Level 4.1 Spellcasting
 + Level 6.2 Ice Magic


You had 6 spell levels left.
You knew the following spells:

 Your Spells              Type           Power      Damage    Failure   Level
a - Freeze                Ice            92%        1d9       1%          1
b - Frozen Ramparts       Ice            46%        1d7       1%          3
c - Ozocubu's Armour      Ice            23%        N/A       1%          3

Your spell library contained the following spells:

 Spells                   Type           Power      Damage    Failure   Level
 Apportation              Tloc           6%         N/A       7%          1
 Necrotise                Necr           12%        1d4       7%          1
 Summon Small Mammal      Summ           12%        N/A       7%          1
 Summon Ice Beast         Ice/Summ       13%        N/A       19%         4
 Summon Forest            Summ/Tloc      1%         N/A       86%         5
 Eringya's Noxious Bog    Tmut/Pois      1%         N/A       100%        6
 Ozocubu's Refrigeration  Ice            11%        4d10      98%         7
 Summon Hydra             Summ           1%         N/A       100%        7


Dungeon Overview and Level Annotations

Branches:
Dungeon (5/15)            Ossuary (visited)
 Temple: D:4-7

Altars:
Gozag

Shops:
D:3 ?

Annotations:
D:5 Pikel


Innate Abilities, Weirdness & Mutations

((You are very nimble when in or above water. (Stealth+, EV+, Speed+++)))
Your lower body shifts to a powerful aquatic tail in water.


Message History

Unknown command.
You barely miss Pikel.
Pikel is lightly wounded.
The wall freezes the lemure but does no damage.
The lemure barely misses you.
The wall freezes the lemure. x2
The wall freezes Pikel but does no damage.
Pikel closely misses you.
Unknown command.
You hit Pikel.
Pikel is lightly wounded.
The wall freezes the lemure.
The wall freezes the lemure but does no damage.
The lemure hits you but does no damage.
The wall freezes the lemure but does no damage.
The wall freezes Pikel.
Pikel hits you but does no damage.
You barely miss Pikel.
Pikel is moderately wounded.
The wall freezes the lemure.
The lemure closely misses you.
The wall freezes the lemure. x2
The wall freezes Pikel but does no damage.
Pikel says, "You'll make a fine lemure."
Pikel barely misses you.
You hit Pikel but do no damage.
Pikel is poisoned.
Pikel is moderately wounded.
The frozen ramparts melt away.
The lemure closely misses you. Pikel hits you but does no damage.
You are electrocuted!
* * * LOW HITPOINT WARNING * * *
Unknown command.
Casting: Ozocubu's Armour (safe; 1% risk of failure)
Confirm with . or Enter, or press ? or * to list all spells.
Aiming: Freeze (safe; 1% risk of failure)
Press: ? - help, Shift-Dir - straight line, f - lemure
Aim: a lemure (lightly wounded)
You freeze the lemure.
The lemure is moderately wounded.
The lemure hits you but does no damage.
Pikel hits you with a +2 whip of electrocution!
* * * LOW HITPOINT WARNING * * *
You are electrocuted!
You die...

.
.......###.........#..#
..
#......#........#.#..#
...##......#.......#..#
.#
#...............#.#..
#......†.......#..#
#........###...#..#
##.......# ###.#..#
##..!...#### .# ##
##......@5# .#
##...###K5#.# #..## #5#
#### .5. ... ####


You could see Pikel (very poisoned) and 4 lemures.

Vanquished Creatures
  A hound (D:4)
  2 human zombies (Ossuary)
  Jessica (D:2)
  2 iguanas (D:4)
  A hound zombie (Ossuary)
  4 mummies (Ossuary)
  7 adders
  2 adder zombies (Ossuary)
  3 worms
  A dart slug (D:1)
  An orc (D:3)
  5 ball pythons
  6 bats
  6 endoplasms
  5 giant cockroaches
  A gnoll zombie (Ossuary)
  9 goblins
  9 hobgoblins
  5 jackals
  4 quokkas
  3 frilled lizards
  3 goblin zombies
  A hobgoblin zombie (Ossuary)
  8 kobolds
  A kobold zombie (Ossuary)
  4 rats
  3 rat zombies
98 creatures vanquished.

Notes
Turn   | Place    | Note
-------+----------+-------------------------------------------
     0 | D:1      | safid the Merfolk Ice Elementalist began the quest for the
                  | Orb.
     0 | D:1      | Reached XP level 1. HP: 13/13 MP: 3/3
   124 | D:1      | Reached XP level 2. HP: 7/20 MP: 3/5
   131 | D:1      | Reached skill level 1 in Fighting
   418 | D:1      | Reached XP level 3. HP: 13/26 MP: 1/6
  1014 | D:2      | Reached skill level 5 in Ice Magic
  1081 | D:2      | Found a faded altar of an unknown god.
  1092 | D:2      | Reached XP level 4. HP: 24/33 MP: 8/8
  1174 | D:2      | Found an opulent altar of Gozag.
  1269 | D:2      | Noticed Jessica
  1280 | D:2      | Killed Jessica
  1584 | D:3      | Learned a level 3 spell: Frozen Ramparts
  1588 | D:3      | Learned a level 3 spell: Ozocubu's Armour
  1746 | D:3      | Found Bedaqos's Magic Scroll Emporium.
  2338 | D:3      | Bought a scroll of identify for 22 gold pieces
  2338 | D:3      | Bought a scroll of blinking for 82 gold pieces
  2393 | D:4      | Reached XP level 5. HP: 31/39 MP: 9/9
  2537 | D:4      | Found a sand-covered staircase.
  2564 | Ossuary  | Entered an ossuary
  2973 | Ossuary  | Reached XP level 6. HP: 33/47 MP: 11/11
  3520 | D:4      | Reached skill level 6 in Ice Magic
  3891 | D:5      | Entered Level 5 of the Dungeon
  3985 | D:5      | Noticed Pikel
  3996 | D:5      | Mangled by Pikel

Illustrated notes

Levels and vault maps discovered:
D:1:      minmay_arrival_radiant_lines, layout_basic
D:2:      layout_basic, basic_altar, shapermc_ecumenical_altar_mp_ritualfount,
          uniq_jessica
D:3:      layout_basic, serial_shops, shop_statue
D:4:      layout_basic, enter_ossuary_4, grunt_decor_one_mirror
D:5:      layout_cave_pools, grunt_ministairs_6, st_stairs_5,
          minmay_misc_feat_x, hangedman_abyss_or_decor_stagger, uniq_ijyb,
          uniq_sigmund, uniq_pikel

Skill      XL: |  1  2  3  4  5  6 |
---------------+-------------------+-----
Fighting       | 1 2 3 |  3.9
Ice Magic      | 5 6 |  6.2
Spellcasting   | 3 4 |  4.1
Dodging        | |  2.6
Stealth        | |  2.1

Action                     |  1- 3 |  4- 6 || total
---------------------------+-------+-------++-------
  Melee: Unarmed           |     9 |       ||     9
         Hand axe          |    56 |       ||    56
         Short sword       |    16 |   248 ||   264
         Punch             |     1 |     5 ||     6
   Cast: Freeze            |    23 |    15 ||    38
         Frozen Ramparts   |       |     8 ||     8
         Ozocubu's Armour  |       |     7 ||     7
    Use: Potion            |       |     3 ||     3
   Stab: Sleeping          |     4 |     7 ||    11
 Armour: Robe              |    31 |    91 ||   122
  Dodge: Dodged            |    80 |   168 ||   248
